 Dungeon Crawl Stone Soup version 0.19-a0-1738-gbb2db12 (webtiles) character file.

91 Groucho the Ruffian (level 4, -3/44 HPs)
             Began as a Troll Fighter on Sept 7, 2016.
             Slain by Athtar123's ghost (8 damage)
             ... on level 3 of the Dungeon on Oct 1, 2016.
             The game lasted 00:04:54 (1754 turns).

Groucho the Ruffian (Troll Fighter)                 Turns: 1754, Time: 00:04:55

Health: -3/44      AC:  5    Str: 29    XL:     4   Next: 34%
Magic:  3/3        EV:  8    Int:  4    God:
Gold:   51         SH:  9    Dex: 10    Spells: 0 memorised, 3 levels left

rFire  . . .     SeeInvis .       - Unarmed
rCold  . . .     Gourm    +     a - +0 robe
rNeg   . . .     Faith    .     b - +0 shield
rPois  .         Spirit   .     (helmet restricted)
rElec  .         Dismiss  .     (no cloak)
rCorr  .         Reflect  .     (gloves unavailable)
MR     .....     Harm     .     (boots unavailable)
Stlth  +.........               (no amulet)
                                (no ring)
                                (no ring)

@: mighty
A: unfitting armour, claws 3, fast metabolism 3, gourmand, regeneration 1,
shaggy fur 1, tough skin 2
a: no special abilities


You were on level 3 of the Dungeon.
You were full.

You visited 1 branch of the dungeon, and saw 3 of its levels.

You collected 51 gold pieces.

Inventory:

Missiles
 e - 148 stones (quivered)
Armour
 a - a +0 robe (worn)
 b - a +0 shield (worn)
Scrolls
 f - 2 scrolls of recharging {unknown}
 l - a scroll of identify {unknown}
 p - a scroll of teleportation {unknown}
 r - a scroll of blinking {unknown}
Potions
 g - a potion of agility {unknown}
 h - 2 potions of haste {unknown}
 j - 2 potions of heal wounds {unknown}
 k - 2 potions of degeneration {unknown}
 m - 2 potions of resistance {unknown}
 o - a potion of mutation {unknown}
Comestibles
 d - 3 bread rations
 i - 4 slices of pizza
 n - a royal jelly
 q - a beef jerky


   Skills:
 + Level 2.8 Fighting
 + Level 2.7 Dodging
 + Level 2.9 Shields
 * Level 3.3 Unarmed Combat


You had 3 spell levels left.
You didn't know any spells.

Dungeon Overview and Level Annotations

Branches:
Dungeon (3/15)

Altars:
Fedhas

Annotations:
D:3 Athtar123's ghost, amateur DrMo


Innate Abilities, Weirdness & Mutations

You are too large for most types of armour.
You have claws for hands.
Your metabolism is lightning-fast.
You like to eat raw meat.
Your natural rate of healing is unusually fast.
You are covered in fur. (AC +1)
You have very tough skin. (AC +2)


Message History

You are too injured to fight recklessly!
You are too injured to fight recklessly!
You are too injured to fight recklessly!
You are too injured to fight recklessly!
You are too injured to fight recklessly!
Unknown command.
You claw Athtar123's ghost!
Athtar123's ghost is severely damaged.
Athtar123's ghost hits you!
* * * LOW HITPOINT WARNING * * *
You scratch Athtar123's ghost.
Athtar123's ghost is almost destroyed.
Athtar123's ghost closely misses you.
You closely miss Athtar123's ghost.
Athtar123's ghost is almost destroyed.
Athtar123's ghost barely misses you.
Your shield prevents you from hitting Athtar123's ghost.
Athtar123's ghost is severely damaged.
Athtar123's ghost hits you!
You die...

#.###### ###
#......# ..#.#
#......#
#.#.##.#.#.#.#......
#.#.##.#.#.#.#.....
#.#.##.#.#.#.# ...
#.#.##.#.....# #W#
#.#.#..#.....###@#
#.#.#........#...#
#.#.#......#.#.###
#.#............#
#...#.##.#รท....#
#............#.#
#.######.###.######
#...................
########.###.#######
.#


You could see Athtar123's ghost.

Vanquished Creatures
  2 adders (D:2)
  A dart slug (D:2)
  4 giant cockroaches
  4 goblins
  5 hobgoblins
  6 jackals (D:1)
  4 kobolds
  A quokka (D:3)
  9 bats
  2 frilled lizards (D:1)
  39 rats
77 creatures vanquished.

Notes
Turn   | Place    | Note
-------+----------+-------------------------------------------
     0 | D:1      | Groucho the Troll Fighter began the quest for the Orb.
     0 | D:1      | Reached XP level 1. HP: 22/22 MP: 0/0
   202 | D:1      | Reached XP level 2. HP: 29/29 MP: 1/1
   771 | D:1      | Reached XP level 3. HP: 33/36 MP: 2/2
   962 | D:2      | Found a blossoming altar of Fedhas.
  1137 | D:2      | Upgraded the game from 0.19-a0-1462-g5650605 to 0.19-a0-1738-gbb2db12
  1179 | D:2      | Reached skill level 3 in Unarmed Combat
  1246 | D:2      | Reached XP level 4. HP: 43/44 MP: 3/3
  1735 | D:3      | Noticed Athtar123's ghost (amateur DrMo)
  1754 | D:3      | Slain by Athtar123's ghost

Vault maps used:
D:1:      tarquinn_simple_flora_water_e
D:2:      lemuel_round_altar, minmay_rats_cheesy_pizza
D:3:      first_bread

Skill      XL: |  1  2  3 |
---------------+----------+-----
Unarmed Combat | 3 |  3.3
Fighting       | |  2.8
Dodging        | |  2.7
Shields        | |  2.9

Action                   |  1- 3 |  4- 6 || total
-------------------------+-------+-------++-------
Melee: Unarmed           |   155 |    61 ||   216
  Use: Potion            |       |     1 ||     1
 Stab: Sleeping          |       |     1 ||     1
  Eat: Chunk             |    10 |     8 ||    18
Armor: Robe              |    40 |    29 ||    69
Dodge: Dodged            |    33 |    22 ||    55
Block: Shield            |    57 |    26 ||    83
